 Dungeon Crawl Stone Soup version 0.20.1-1-g8b1a95d (webtiles) character file.

3637 Monsterracer the Cleaver (level 9, -2/68 HPs)
             Began as a Demonspawn Gladiator on July 8, 2017.
             Was a Follower of Makhleb.
             Killed from afar by Erolcha (13 damage)
             ... with a bolt of lightning
             ... on level 9 of the Dungeon.
             The game lasted 00:20:45 (7542 turns).

Monsterracer the Cleaver (Demonspawn Gladiator)     Turns: 7542, Time: 00:20:46

Health: -2/68      AC: 13    Str: 19      XL:     9   Next: 87%
Magic:  21/21      EV: 14    Int:  9      God:    Makhleb [*.....]
Gold:   391        SH:  0    Dex: 16 (19) Spells: 8/8 levels left

rFire    + . .     SeeInvis .   a - +1 war axe
rCold    . . .     Gourm    .   (no shield)
rNeg     . . .     Faith    .   p - +3 scale mail {rF+}
rPois    .         Spirit   .   (helmet restricted)
rElec    .         Reflect  .   y - +2 cloak
rCorr    .         Harm     .   (no gloves)
MR       .....                  (no boots)
Stlth    ..........             (no amulet)
Regen    0.7/turn               g - ring of magical power
MPRegen  0.2/turn               x - +1 ring of evasion

@: mighty
A: antennae 2, hooves 1, mutation resistance 1, regeneration 1, spiny 2, rot
immunity
a: Renounce Religion


You were on level 9 of the Dungeon.
You worshipped Makhleb.
Makhleb was aware of your devotion.
You were hungry.

You visited 1 branch of the dungeon, and saw 9 of its levels.

You collected 440 gold pieces.
You spent 49 gold pieces at shops.

Inventory:

Hand Weapons
 a - a +1 war axe (weapon)
 w - a cursed -2 flail
Missiles
 d - 2 throwing nets (quivered)
Armour
 p - a +3 scale mail of fire resistance (worn)
 y - a +2 cloak (worn)
Jewellery
 g - a ring of magical power (left hand)
 i - an uncursed ring of ice
 t - an uncursed ring of ice
 x - a +1 ring of evasion (right hand)
Scrolls
 e - 12 scrolls of identify
 j - 3 scrolls of fear
 k - 3 scrolls of enchant weapon
 l - 4 scrolls of amnesia
 n - a scroll of teleportation
 r - 5 scrolls of remove curse
 v - a scroll of recharging
Potions
 c - 2 potions of curing
 q - 2 potions of magic
 u - a potion of flight
Comestibles
 f - 6 bread rations
 h - 2 meat rations
 m - 5 royal jellies


   Skills:
 + Level 5.4 Fighting
 * Level 9.9 Axes
 - Level 1.7 Throwing
 + Level 4.6 Armour
 + Level 5.3 Dodging
 + Level 4.6 Invocations


You had 8 spell levels left.
You didn't know any spells.

Dungeon Overview and Level Annotations

Branches:
Dungeon (9/15)             Temple (0/1) D:6
   Lair: D:8-11         Orc: D:9-12

Altars:
Ashenzari
Cheibriados
Gozag
Makhleb
Vehumet
Xom
Zin

Shops:
D:5 *   D:6 *=[}   D:7 %?(

Annotations:
D:7 1 exclusion
D:9 Erolcha


Innate Abilities, Weirdness & Mutations

You have a pair of antennae on your head.
You have large cloven feet.
You are mostly covered in sharp spines.
You are immune to rotting.
You are somewhat resistant to further mutation.
Your natural rate of healing is unusually fast.


Message History

Huge Dmg: -7%(-5hp) hp: 27%(18hp)
You see here a stone.
You're too confused to move!
You feel less invigorated.
You feel less confused. Something hits you!
* * * LOW HITPOINT WARNING * * *
Huge Dmg: -13%(-9hp) hp: 18%(12hp)
You feel much better. Something hits you!!
* * * LOW HITPOINT WARNING * * *
An orc comes into view. It is wielding a hand axe.
Huge Dmg: -6%(-4hp) hp: 12%(8hp)
You hear some strange, mumbled words.
Something tries to affect you, but you resist.
Something tries to affect you, but you resist.
You see here a bolt.
You see here a book of Debilitation.
You hear some strange, mumbled words.
A bolt of lightning appears from out of thin air!
The bolt of lightning hits you!
You die... ##....## #KKK#

##......## ##(#
#........# #K(#
#..<.....# ##K{#
#.......## #..##
#......## ##..#
##.....# #(..# #.....#
##:.## ##..#.## #@..#
##.##.#### ##...#
####....####...##
##......#...#
###..........#
###...........########.
#......................
.....................#.
###.............######


You could see 2 kobolds.

Vanquished Creatures
  Joseph (D:7)
  2 hippogriffs
  A fire bat (shapeshifter) (D:6)
  A hungry ghost (D:7)
  Menkaure (D:6)
  2 sky beasts
  Duvessa (D:6)
  An ice beast (D:8)
  A black bear (D:8)
  A necrophage (D:6)
  4 ogres
  5 bullfrogs
  Dowan (D:5)
  5 howler monkeys
  2 electric eels (D:7)
  3 jellies
  3 crimson imps
  A centaur zombie (D:5)
  An orc priest (D:3)
  A hound (D:4)
  4 orc wizards
  3 bullfrog skeletons
  An iguana (D:4)
  Jessica (D:2)
  Terence (D:2)
  3 worker ants
  A hound skeleton (D:6)
  8 adders
  2 shadow imps
  An ooze (D:6)
  4 adder skeletons
  4 worms
  5 dart slugs
  4 leopard geckos
  34 orcs
  6 giant cockroaches
  7 goblins
  9 hobgoblins
  8 jackals
  2 quokkas
  3 ball pythons
  10 bats
  6 frilled lizards
  5 kobolds
  7 rats
177 creatures vanquished.

Vanquished Creatures (collateral kills)
  Grinder (D:5)
1 creature vanquished.

Vanquished Creatures (others)
  2 plants (D:7)
2 creatures vanquished.

Grand Total: 180 creatures vanquished

Notes
Turn   | Place    | Note
-------+----------+-------------------------------------------
     0 | D:1      | Monsterracer the Demonspawn Gladiator began the quest for the Orb.
     0 | D:1      | Reached XP level 1. HP: 16/16 MP: 1/1
    94 | D:1      | Reached skill level 3 in Axes
   189 | D:1      | Gained mutation: You are immune to rotting. [demonic ancestry]
   189 | D:1      | Reached XP level 2. HP: 14/22 MP: 2/2
   915 | D:1      | Gained mutation: You have a pair of small antennae on your head. [demonic ancestry]
   915 | D:1      | Reached XP level 3. HP: 12/27 MP: 3/3
  1289 | D:2      | Found a snail-covered altar of Cheibriados.
  1289 | D:2      | Noticed Terence
  1290 | D:2      | Found a radiant altar of Vehumet.
  1295 | D:2      | Killed Terence
  1295 | D:2      | Reached skill level 4 in Axes
  1301 | D:2      | Reached XP level 4. HP: 16/33 MP: 4/4
  1613 | D:2      | Found a faded altar of an unknown god.
  1625 | D:2      | Noticed Jessica
  1628 | D:2      | Killed Jessica
  1664 | D:2      | Became a worshipper of Xom of Malevolent Giggling
  1863 | D:2      | XOM is BORED!
  1863 | D:2      | XOM: silly message
  2053 | D:3      | Reached skill level 5 in Axes
  2113 | D:3      | XOM: potion effect (brilliance)
  2118 | D:3      | Gained mutation: You are partially covered in sharp spines. [demonic ancestry]
  2118 | D:3      | Reached XP level 5. HP: 25/38 MP: 5/5
  2583 | D:3      | Noticed a sky beast
  2594 | D:3      | Killed a sky beast
  2594 | D:3      | Reached skill level 6 in Axes
  2594 | D:3      | Reached XP level 6. HP: 26/44 MP: 6/6
  2666 | D:3      | XOM: harmless Fire miscast
  2949 | D:4      | XOM: silly message
  3612 | D:4      | XOM is BORED!
  3612 | D:4      | XOM: silly message
  3713 | D:5      | Entered Level 5 of the Dungeon
  3780 | D:5      | Reached skill level 7 in Axes
  3810 | D:5      | XOM: divination: magic mapping
  3962 | D:5      | XOM: give mutations
  3962 | D:5      | Gained mutation: You have sharp toenails. [Xom's grace]
  3962 | D:5      | Gained mutation: You are somewhat resistant to further mutation. [Xom's grace]
  3962 | D:5      | Gained mutation: You have a pair of antennae on your head. [Xom's grace]
  3962 | D:5      | Gained mutation: Your natural rate of healing is unusually fast. [Xom's grace]
  3969 | D:5      | Found Gioshe's Assorted Antiques.
  4027 | D:5      | Gained mutation: You are mostly covered in sharp spines. [demonic ancestry]
  4027 | D:5      | Reached XP level 7. HP: 43/50 MP: 7/7
  4033 | D:5      | Noticed Grinder
  4039 | D:5      | XOM: summons 4 friendly demons
  4050 | D:5      | Killed Grinder
  4050 | D:5      | Reached skill level 1 in Armour
  4101 | D:5      | Found a glowing silver altar of Zin.
  4153 | D:5      | XOM: scenery: create altars
  4376 | D:6      | Found Boxtunke's Gadget Emporium.
  4385 | D:6      | Noticed Duvessa
  4385 | D:6      | Noticed Dowan
  4389 | D:6      | XOM: cleaving
  4402 | D:6      | XOM: fog
  4418 | D:6      | Killed Duvessa
  4419 | D:6      | XOM: smoke on damage
  4431 | D:5      | XOM: cleaving
  4432 | D:5      | Killed Dowan
  4535 | D:6      | Found a shattered altar of Ashenzari.
  4558 | D:6      | Found Weum's Armour Emporium.
  4562 | D:6      | Bought a +0 cloak for 49 gold pieces
  4587 | D:6      | Noticed a fire bat
  4587 | D:6      | an ice beast changed into a fire bat
  4587 | D:6      | XOM: polymorph ice beast -> fire bat
  4595 | D:6      | Killed a fire bat
  4595 | D:6      | Lost mutation: You have sharp toenails. [demonic ancestry]
  4595 | D:6      | Gained mutation: You have large cloven feet. [demonic ancestry]
  4595 | D:6      | Reached XP level 8. HP: 58/58 MP: 8/8
  4618 | D:6      | Found Saogh's Jewellery Shoppe.
  4651 | D:6      | Found Xeuloh's Assorted Antiques.
  4666 | D:6      | Reached skill level 8 in Axes
  4775 | D:6      | XOM: noise
  4812 | D:6      | XOM: medium Summ miscast
  4813 | D:6      | Noticed a hellwing
  4999 | D:6      | Noticed a hippogriff
  5000 | D:6      | Found a burning altar of Makhleb.
  5008 | D:6      | Killed a hippogriff
  5025 | D:6      | Fell from the grace of Xom
  5025 | D:6      | Became a worshipper of Makhleb the Destroyer
  5073 | D:6      | Noticed Menkaure
  5077 | D:6      | Killed Menkaure
  5394 | D:6      | Found a staircase to the Ecumenical Temple.
  5451 | D:6      | XOM: noise
  5551 | D:6      | XOM: summons 1 hostile demon
  5610 | D:7      | Found Nasoh's Weapon Shoppe.
  5665 | D:7      | Found Jiyfusch's Magic Scroll Emporium.
  5665 | D:7      | XOM: mild Necr miscast
  5689 | D:7      | Reached skill level 1 in Invocations
  5768 | D:7      | Reached skill level 9 in Axes
  5827 | D:7      | Reached XP level 9. HP: 52/65 MP: 10/10
  5858 | D:7      | Noticed Joseph
  5883 | D:7      | Killed Joseph
  6061 | D:7      | Found Qug Lole's Food Shoppe.
  6077 | D:7      | Found an opulent altar of Gozag.
  6427 | D:7      | Reached * piety under Makhleb
  6759 | D:8      | Reached skill level 5 in Fighting
  6773 | D:8      | Reached skill level 5 in Dodging
  6819 | D:8      | XOM: torment (27/68 hp)
  7475 | D:9      | XOM: summons 12 hostile demons
  7519 | D:9      | Noticed Erolcha
  7542 | D:9      | Killed from afar by Erolcha

Skill      XL: |  1  2  3  4  5  6  7  8  9 |
---------------+----------------------------+-----
Axes           | 3 4 5 6 7 9 |  9.9
Armour         | 2 3 4 |  4.6
Dodging        | 3 4 5 |  5.3
Fighting       | 3 4 5 |  5.4
Invocations    | 1 4 |  4.6
Throwing       | |  1.7

Action                   |  1- 3 |  4- 6 |  7- 9 || total
-------------------------+-------+-------+-------++-------
Melee: War axe           |    89 |   161 |   228 ||   478
       Kick              |       |     5 |    69 ||    74
Throw: Throwing net      |       |     1 |     2 ||     3
  Use: Potion            |     2 |     5 |    11 ||    18
       Scroll            |       |    10 |     6 ||    16
 Stab: Sleeping          |     1 |       |       ||     1
       Held in net/web   |       |     1 |       ||     1
  Eat: Chunk             |     1 |     9 |    12 ||    22
       Fruit             |       |       |     2 ||     2
Armor: Leather armour    |    30 |     1 |       ||    31
       Scale mail        |       |    66 |   116 ||   182
Dodge: Dodged            |    87 |    85 |   173 ||   345
